[Event "*** SCC Grand Prix: Titled Tuesday Blitz"]
[Site "Chess.com"]
[Date "2020.06.23"]
[Round "6"]
[White "icychess54"]
[Black "NormWeinstein"]
[Result "0-1"]
[WhiteElo "2309"]
[BlackElo "2509"]
[TimeControl "180+1"]
[EndTime "11:06:25 PDT"]
[Termination "NormWeinstein won on time"]

1. c4 Nf6 2. Nc3 g6 3. Nf3 Bg7 4. e3 O-O 5. Be2 d6 6. O-O e5 7. b3 Nbd7 8. Bb2 Re8 9. d4 e4 10. Nd2 Nf8 11. Qc2 Bf5 12. b4 h5 13. b5 Ne6 14. a4 Nxd4 15. exd4 e3 16. Bd3 Bxd3 17. Qxd3 exd2 18. Qxd2 Ne4 19. Nxe4 Rxe4 20. Rfe1 Rxe1+ 21. Rxe1 d5 22. Qe2 Bf6 23. h3 Kg7 24. c5 Qd7 25. Qe3 a6 26. Qb3 axb5 27. axb5 Ra5 28. b6 c6 29. Qe3 Rb5 30. Bc1 Rb4 31. Bd2 Rc4 32. Ra1 g5 33. h4 Qf5 34. hxg5 Bxd4 35. Qa3 Bxa1 36. Qxa1+ d4 37. Be3 Qe4 38. g3 Kg6 39. Kh2 h4 40. Bf4 hxg3+ 41. fxg3 Rc3 42. Qa8 Rc2+ 43. Kh3 Qf5+ 44. g4 Rc3+ 45. Kh4 Kg7 0-1

[Event "*** SCC Grand Prix: Titled Tuesday Blitz"]
[Site "Chess.com"]
[Date "2020.06.23"]
[Round "6"]
[White "MoreChessJulia"]
[Black "EnergeticHay"]
[Result "0-1"]
[WhiteElo "1757"]
[BlackElo "2201"]
[TimeControl "180+1"]
[EndTime "11:06:25 PDT"]
[Termination "EnergeticHay won on time"]

1. d4 Nf6 2. c4 g6 3. f3 Bg7 4. e4 d6 5. Nc3 O-O 6. Bg5 c5 7.
d5 e6 8. Qd2 exd5 9. cxd5 a6 10. a3 b5 11. b4 Nbd7 12. Rc1 Qb6 13. Bd3 Ne5 14. Be2 Nc4 15. Bxc4 bxc4 16. Be3 Nd7 17. Nge2 Qc7 18. b5 Qa5 19. bxa6 Qxa3 20. O-O Qxa6 21. Ra1 Qxa1 22. Rxa1 Rxa1+ 23. Kf2 Bb7 24. g4 Rfa8 25. Kg3 Ne5 26. f4 Nd3 27. g5 Bc8 28. h4 Rb8 29.
Nd1 Rbb1 30. Nec3 Rc1 31. e5 dxe5 32. Nf2 exf4+ 33. Bxf4 Rxc3 34. Kh2 Rac1 35. Qe2 Nxf4 36. Qe8+ Bf8 37. Qxc8 Rf1 0-1

[Event "*** SCC Grand Prix: Titled Tuesday Blitz"]
[Site "Chess.com"]
[Date "2020.06.23"]
[Round "6"]
[White "GuerrieroFromLevant"]
[Black "leoduarte"]
[Result "1-0"]
[WhiteElo "2427"]
[BlackElo "2268"]
[TimeControl "180+1"]
[EndTime "11:06:26 PDT"]
[Termination "GuerrieroFromLevant won on time"]

1. e4 c5 2. Nf3 e6 3. c3 d5 4. exd5 exd5 5. Bb5+ Nc6 6. O-O Be7 7. d4 Nf6 8. dxc5 Bxc5 9. Nbd2 O-O 10. Nb3 Be7 11.
Re1 Bg4 12. h3 Bh5 13. Bg5 Rc8 14. Bxc6 bxc6 15. Nbd4 Qd7 16. Ne5 Qb7 17. g4 Ne4 18. Bxe7 Qxe7 19. Nd3 Bg6 20. f3 Qh4 21. fxe4 Qg3+ 22.
Kf1 Bxe4 23. Rxe4 dxe4 24. Nf2 e3 25. Ne4 Qf4+ 26. Qf3 Qh2 27. Qg2 Qf4+ 28. Qf3 Qh2 29. Ne2 Rfe8 30. Ng5 f6 31. Nxh7 Kxh7 32. Rd1 Rcd8 33.
Re1 Qf2+ 34. Qxf2 exf2 35. Kxf2 Re5 36. Nd4 Rxe1 37. Kxe1 c5 38. Nf5 Re8+ 39. Kd2 Kg6 40. Kd3 Kg5 41. Kc4 Kf4 42. Kxc5 g6 43. Nd6 Re5+ 44.
Kd4 Kg3 45. Ne4+ Kxh3 46. Nxf6 Re2 47. b4 Rxa2 48. c4 Kh4 49. c5 Kg5 50. Ne4+ Kxg4 51.
c6 Rc2 52. Nc5 Rf2 53. Ne6 Rf6 54. Ke5 Rf5+ 55. Kd6 Rh5 56. c7 Rh8 57. Nd8 Kf3 58.
c8=Q 1-0

[Event "*** SCC Grand Prix: Titled Tuesday Blitz"]
[Site "Chess.com"]
[Date "2020.06.23"]
[Round "6"]
[White "Titus369"]
[Black "peixe64"]
[Result "1-0"]
[WhiteElo "2552"]
[BlackElo "2352"]
[TimeControl "180+1"]
[EndTime "11:06:27 PDT"]
[Termination "Titus369 won by checkmate"]

1. e4 c5 2. Nf3 d6 3. d4 cxd4 4. Nxd4 Nf6 5. Nc3 a6 6. h3 e5 7. Nde2 h5 8. g3 g6 9. Bg2 Bg7 10. O-O O-O 11. a4 Be6 12. Be3 Nc6 13. Nd5 Bxd5 14.
exd5 Ne7 15. a5 Rc8 16. b3 e4 17. Ra4 Nexd5 18. Bd4 Qd7 19. c4 Ne7 20. Qa1 Ne8 21.
Bxg7 Nxg7 22. Bxe4 Qxh3 23. Bxb7 Rb8 24. Bg2 Qg4 25.
Qb2 Ne6 26. Nc3 Nc5 27. Ra3 Qxc4 28. Rb1 Qd4 29. Nd5 Qxb2 30. Nxe7+ Kg7 31. Rxb2 Rfe8 32.
Nc6 Rb5 33. Ra1 Nxb3 34. Rab1 Nc5 35. Rxb5 axb5 36. Rxb5 Re1+ 37. Kh2 Nd3 38. a6 Nxf2 39. Bf3 Re8 40. a7 Nd3 41. Rb8 Re1 42. a8=Q Ne5 43.
Rg8+ Kf6 44. Qd8+ Kf5 45. Nd4# 1-0

[Event "*** SCC Grand Prix: Titled Tuesday Blitz"]
[Site "Chess.com"]
[Date "2020.06.23"]
[Round "6"]
[White "Walter_White_Poland"]
[Black "XxPetroffsxX"]
[Result "1/2-1/2"]
[WhiteElo "2205"]
[BlackElo "1920"]
[TimeControl "180+1"]
[EndTime "11:06:27 PDT"]
[Termination "Game drawn - insufficient material"]

1. e4 c6 2. d4 d5 3. exd5 cxd5 4. c4 Nf6 5. Nc3 Nc6 6. Nf3 Bg4 7. cxd5 Nxd5 8.
Qb3 Bxf3 9. gxf3 e6 10. Qxb7 Nxd4 11. Bb5+ Nxb5 12. Qc6+ Ke7 13. Qxb5 f6 14. Be3 Rb8 15. Qa4 Nxe3 16. fxe3 Kf7 17. Rd1 Qb6 18. Rd7+ Be7 19. Qxa7 Qxa7 20. Rxa7 Rxb2 21. O-O Rc8 22. Ne4 Rc6 23.
Rf2 Rxf2 24. Kxf2 Rc2+ 25. Kg3 e5 26. a4 Ke6 27. h4 h6 28. Nf2 f5 29. Nh3 g5 30. hxg5 hxg5 31. Ra6+ Kf7 32. f4 exf4+ 33. exf4 Rc3+ 34. Kg2 g4 35. Ng5+ Bxg5 36. fxg5 Ra3 37. Rf6+ Kg7 38. Rxf5 Rxa4 39. Kg3 Kg6 40. Rf4 Ra1 41.
Rxg4 Rg1+ 42. Kf4 Rf1+ 43. Kg3 Rg1+ 44. Kf4 Rf1+ 45. Ke4 Rf5 46. Ke3 Rxg5 47. Rxg5+ Kxg5 1/2-1/2

[Event "*** SCC Grand Prix: Titled Tuesday Blitz"]
[Site "Chess.com"]
[Date "2020.06.23"]
[Round "6"]
[White "AttilaTurzo"]
[Black "NodariousBIG"]
[Result "1/2-1/2"]
[WhiteElo "2502"]
[BlackElo "2668"]
[TimeControl "180+1"]
[EndTime "11:06:28 PDT"]
[Termination "Game drawn by repetition"]

1. e4 e6 2. d4 d5 3. Nc3 Nf6 4. Bg5 Bb4 5. e5 h6 6. Bd2 Bxc3 7. bxc3 Ne4 8. Qg4 Kf8 9. Bd3 Nxd2 10. Kxd2 c5 11.
h4 Nd7 12. h5 Nb6 13. Rh3 Na4 14. Rg3 Qg5+ 15. Qxg5 hxg5 16. Rxg5 Bd7 17. dxc5 Rc8 18. Rb1 Nxc5 19. Ne2 b6 20. Rb4 f6 21. exf6 gxf6 22. Rg6 Rxh5 23. Rxf6+ Ke7 24. Rg6 e5 25. f3 Rh2 26.
Ke3 Rf8 27. Ng3 Kd8 28. Nf1 Rh1 29. Rb1 Kc7 30. Nd2 Rh2 31. Rg7 Kd6 32. Rg6+ Kc7 33.
Rg7 Rf6 34. Nb3 Nxd3 35. cxd3 Kd6 36. c4 d4+ 37. Kf2 Bc6 38. Kg3 Rhh6 39. Re1 a5 40.
Rg5 Rfg6 41. Rxg6+ Rxg6+ 42. Kf2 Rh6 43. Nd2 Rh5 44.
Ne4+ Bxe4 45. Rxe4 Kc5 46. Re2 Kb4 47. Rc2 a4 48.
Kg1 a3 49. g4 Rh7 50. Kg2 Rh8 51. Kg3 Rh1 52. g5 Rg1+ 53. Rg2 Rh1 54. g6 Rh8 55. g7 Rg8 56. Kf2 Kc3 57. Ke2 Kb2 58.
Kd1+ Kc3 59. Ke2 Kb2 60. Kd1+ Kc3 61. Ke2 1/2-1/2

[Event "*** SCC Grand Prix: Titled Tuesday Blitz"]
[Site "Chess.com"]
[Date "2020.06.23"]
[Round "6"]
[White "Djager97"]
[Black "Tsyhanchuk_Stanislav"]
[Result "0-1"]
[WhiteElo "2449"]
[BlackElo "2381"]
[TimeControl "180+1"]
[EndTime "11:06:29 PDT"]
[Termination "Tsyhanchuk_Stanislav won by checkmate"]

1. e4 c5 2. Nf3 Nc6 3. d4 cxd4 4.
Nxd4 Qb6 5. Nb3 Nf6 6. Nc3 e6 7. Qe2 Bb4 8. Bd2 O-O 9. a3 Be7 10. O-O-O d5 11. e5 Nd7 12. f4 Nc5 13. Nxc5 Qxc5 14.
Qh5 f5 15. g4 Nd4 16. Bd3 Bd7 17. Kb1 Qb6 18. Be3 Bxa3 19. b3 Bc5 20. gxf5 exf5 21. Kb2 Nxb3 22. Nxd5 Qa5 23. cxb3 Qa3+ 24. Kc3 Be6 25. Bc4 b5 26. Ne7+ Bxe7 27. Bxe6+ Kh8 28. Kd2 Qb2+ 29. Ke1 Qc3+ 30. Bd2 Qc2 31. Rc1 Qe4+ 32. Kf2 Rad8 33. Be3 Rd3 34. Qf3 Bh4+ 35. Ke2 Rd2+ 36. Kxd2 Rd8+ 37. Ke2 Qd3# 0-1

[Event "*** SCC Grand Prix: Titled Tuesday Blitz"]
[Site "Chess.com"]
[Date "2020.06.23"]
[Round "6"]
[White "imdarealist"]
[Black "ZEN-22"]
[Result "1/2-1/2"]
[WhiteElo "2312"]
[BlackElo "2436"]
[TimeControl "180+1"]
[EndTime "11:06:29 PDT"]
[Termination "Game drawn by repetition"]

1. d4 e5 2. dxe5 Nc6 3. Nf3 f6 4. e6 d5 5. Bf4 Bxe6 6. e3 g5 7. Bg3 h5 8. h4 g4 9. Nd4 Bd7 10. Bd3 Nge7 11. c3 a6 12. Nd2 Ne5 13.
Bc2 c5 14. Ne2 Bf5 15. Nf4 Qd7 16. Nb3 Bxc2 17. Qxc2 Nf5 18. O-O-O c4 19. Nd4 Nxd4 20.
Rxd4 Qh7 21. Nxd5 O-O-O 22. Nb6+ Kc7 23. Nxc4 Bd6 24. Nxd6 Qxc2+ 25. Kxc2 Rxd6 26. Rhd1 Re6 27. Rd7+ Kc8 28. Rg7 Rhe8 29. Bxe5 Rxe5 30. Rdd7 Rb5 31. Rc7+ Kb8 32. Rcf7 Re6 33. Rh7 Reb6 34. b3 Rf5 35. f4 gxf3 36. gxf3 Rxf3 37. Rh8+ Ka7 38. Rxh5 Rxe3 39. Rf5 Rh3 40. h5 Rh2+ 41. Kb1 Re6 42. Rf1 Ree2 43. h6 Rb2+ 44. Ka1 Rxa2+ 45. Kb1 Rhb2+ 46. Kc1 Rxb3 47. h7 Rxc3+ 48. Kb1 Rca3 49. h8=Q Ra1+ 50. Kb2 R3a2+ 51. Kb3 Ra3+ 52. Kb2 R1a2+ 53. Kb1 Ra1+ 54. Kb2 1/2-1/2

[Event "*** SCC Grand Prix: Titled Tuesday Blitz"]
[Site "Chess.com"]
[Date "2020.06.23"]
[Round "6"]
[White "letsgoband"]
[Black "catalin009"]
[Result "1-0"]
[WhiteElo "2562"]
[BlackElo "2325"]
[TimeControl "180+1"]
[EndTime "11:06:30 PDT"]
[Termination "letsgoband won on time"]

1. e4 c6 2. d4 d5 3. e5 Bf5 4. h4 h6 5. g4 Bh7 6. c3 e6 7. h5 c5 8. f4 Nc6 9. Nf3 Qb6 10. Bd3 Be4 11. Bxe4 dxe4 12. Nfd2 cxd4 13. Nxe4 O-O-O 14. Qb3 Qc7 15. Kf2 Kb8 16. Na3 f5 17. gxf5 exf5 18. Ng3 Bc5 19. Kg2 d3 20. Bd2 Nge7 21.
Qc4 Bxa3 22. bxa3 Qa5 23. Rhb1 Qxa3 24. Rb5 Rd7 25. Rab1 Ka8 26. R1b2 Rhd8 27. Kf3 Qa6 28. a4 Na5 29. Qb4 Qc6+ 30. Kf2 Nc4 31. Rc5 Nxb2 32.
Rxc6 Nd1+ 33. Ke1 Nxc6 34. Qc5 Nb2 35. Qb5 1-0

[Event "*** SCC Grand Prix: Titled Tuesday Blitz"]
[Site "Chess.com"]
[Date "2020.06.23"]
[Round "6"]
[White "zala02"]
[Black "GianmarcoVaR"]
[Result "1-0"]
[WhiteElo "2185"]
[BlackElo "2367"]
[TimeControl "180+1"]
[EndTime "11:06:30 PDT"]
[Termination "zala02 won by checkmate"]

1. d4 g6 2. c4 Bg7 3. Nc3 d6 4.
e4 Nd7 5. Be3 e5 6. d5 Bh6 7.
Bxh6 Nxh6 8. Qd2 Ng8 9. Bd3 Kf8 10. Nf3 Kg7 11. O-O Nh6 12. b4 Qe7 13. a3 f6 14.
Rac1 g5 15. Nb5 Nf8 16. c5 Nf7 17. cxd6 cxd6 18. Rc7 Qd8 19. Rc2 Bg4 20. Qe3 a6 21. Nc7 Rc8 22. Rfc1 Qe7 23. h3 Bxf3 24. Qxf3 Rd8 25.
a4 h5 26. Ne6+ Nxe6 27. dxe6 Qxe6 28. Bc4 Qe7 29. Bd5 Rd7 30. h4 gxh4 31. Qf5 Ng5 32. Rc3 Kh6 33. Rc8 Rh7 34. Rb8 h3 35. Rcc8 hxg2 36. Kxg2 Qg7 37. Rg8 Qe7 38. Qg6# 1-0

[Event "*** SCC Grand Prix: Titled Tuesday Blitz"]
[Site "Chess.com"]
[Date "2020.06.23"]
[Round "6"]
[White "HrvojeZagreb"]
[Black "Belka1989"]
[Result "1-0"]
[WhiteElo "2125"]
[BlackElo "2323"]
[TimeControl "180+1"]
[EndTime "11:06:30 PDT"]
[Termination "HrvojeZagreb won on time"]

1. d4 Nf6 2. Bf4 d5 3. e3 e6 4.
Bd3 c5 5. c3 Nc6 6. Nd2 Bd6 7.
Bg3 O-O 8. f4 b6 9. Ngf3 Bb7 10.
Ne5 Ne7 11. Bh4 Nf5 12. Bxf5 exf5 13. O-O Qe7 14. Qb1 Qe6 15. Rf3 g6 16. Bxf6 Qxf6 17. Qe1 Rfe8 18. g4 Qe7 19. gxf5 gxf5 20. Rg3+ Kh8 21.
Rh3 Rg8+ 22. Kh1 Rg7 23. Ndf3 Rag8 24. Qh4 f6 25. Qh5 fxe5 26. fxe5 Bc7 27. Rg1 Bd8 28. Rxg7 Qxg7 29. Rg3 Qf8 30. Rxg8+ Qxg8 31. h4 Qg6 32. Qxg6 hxg6 33. Kg2 cxd4 34. exd4 Bc8 35. Kg3 Be6 36. Kf4 Kg7 37. Ng5 1-0

[Event "*** SCC Grand Prix: Titled Tuesday Blitz"]
[Site "Chess.com"]
[Date "2020.06.23"]
[Round "6"]
[White "Grischuk"]
[Black "eCztery"]
[Result "1-0"]
[WhiteElo "3089"]
[BlackElo "2382"]
[TimeControl "180+1"]
[EndTime "11:06:34 PDT"]
[Termination "Grischuk won by resignation"]

1. e4 c5 2. Nf3 Nc6 3. Bb5 g6 4. Bxc6 dxc6 5. d3 Bg7 6. h3 Nf6 7. O-O Nd7 8. a4 O-O 9. a5 Rb8 10. Nc3 e5 11. Be3 b6 12. Qc1 Re8 13. Bh6 Bh8 14. Nh2 Nf8 15. f4 exf4 16. Bxf4 Rb7 17. axb6 axb6 18. Ra8 Qd4+ 19. Kh1 Bd7 20. Ng4 Bg7 21.
Ne2 Qxb2 22. Nh6+ Kh8 23. Nxf7+ Kg8 24. Qxb2 Bxb2 25. Rxe8 Bxe8 26. Nd6 Re7 27. Rb1 Bf6 28. Rxb6 Ne6 29. Bh6 Be5 30. Nxe8 Rxe8 31. Rxc6 Nd4 32. Nxd4 cxd4 33. g4 Ra8 34. Kg2 Ra2 35. Kf3 Kf7 36.
Bf4 Bg7 37. Rc7+ Kg8 38. e5 Ra1 39. Ke4 Rf1 40. e6 Re1+ 41. Kd5 h6 42. Bd6 g5 43. Rc8+ Kh7 44. e7 1-0

[Event "*** SCC Grand Prix: Titled Tuesday Blitz"]
[Site "Chess.com"]
[Date "2020.06.23"]
[Round "6"]
[White "QuintilianoR"]
[Black "THE_PLAYER6"]
[Result "1-0"]
[WhiteElo "2631"]
[BlackElo "2466"]
[TimeControl "180+1"]
[EndTime "11:06:34 PDT"]
[Termination "QuintilianoR won on time"]

1. d4 d5 2. Nf3 Nf6 3. c4 e6 4.
Nc3 Be7 5. Bg5 h6 6. Bh4 O-O 7. e3 b6 8. Bxf6 Bxf6 9. cxd5 exd5 10. Rc1 Be6 11. Bb5 c5 12. dxc5 bxc5 13. O-O Qb6 14. Qe2 c4 15. Ba4 Na6 16. Rfd1 Nc5 17. Bc2 Rab8 18.
Nxd5 Bxd5 19. Rxd5 Bxb2 20. Rb1 c3 21. Nd4 Ne6 22.
Nf5 Rfd8 23. h4 Qb7 24. Rxd8+ Rxd8 25. Qg4 Kf8 26. Bb3 Qc7 27. Qb4+ Kg8 28. Bc2 Rd2 29. Qe4 g6 30. Nxh6+ Kg7 31. Ng4 Qd6 32. h5 gxh5 33. Qh7+ Kf8 34. Qh8+ Ke7 35. Qf6+ Ke8 36. Ba4+ Kf8 37. Qh8+ Ke7 38. Qf6+ Kf8 39. Ne5 c2 40. Ng6+ Kg8 41. Rxb2 1-0

[Event "*** SCC Grand Prix: Titled Tuesday Blitz"]
[Site "Chess.com"]
[Date "2020.06.23"]
[Round "6"]
[White "Rodalquilar"]
[Black "IM_Tissir"]
[Result "1-0"]
[WhiteElo "2638"]
[BlackElo "2467"]
[TimeControl "180+1"]
[EndTime "11:06:35 PDT"]
[Termination "Rodalquilar won by checkmate"]

1. d4 Nf6 2. c4 g6 3. Nc3 Bg7 4. e4 O-O 5. f4 d6 6. Nf3 c5 7. dxc5 Qa5 8. Bd3 Qxc5 9. Qe2 Nc6 10. Be3 Qa5 11. Rc1 Bg4 12. O-O Rac8 13. h3 Bxf3 14. Rxf3 Nd7 15. Qd2 Nd4 16. Rf2 e5 17. Nd5 Qxd2 18. Rxd2 Rfe8 19. fxe5 dxe5 20. b4 b6 21. Rf1 a5 22. a3 axb4 23. axb4 Rb8 24. Rdf2 f6 25. g4 Re6 26. h4 Rd6 27. g5 fxg5 28.
hxg5 Ra8 29. Rf7 Ra3 30. Bxd4 exd4 31. c5 bxc5 32. bxc5 Nxc5 33. Bc4 Ra4 34. Ne7+ Kh8 35. Rf8+ Bxf8 36. Rxf8+ Kg7 37. Rg8# 1-0

[Event "*** SCC Grand Prix: Titled Tuesday Blitz"]
[Site "Chess.com"]
[Date "2020.06.23"]
[Round "6"]
[White "PavelChernomordik"]
[Black "skoularikii"]
[Result "1/2-1/2"]
[WhiteElo "2318"]
[BlackElo "2495"]
[TimeControl "180+1"]
[EndTime "11:06:35 PDT"]
[Termination "Game drawn by stalemate"]

1. e4 e5 2. Nf3 Nc6 3. Bb5 a6 4. Ba4 b5 5. Bb3 Nf6 6. Qe2 Bc5 7. a4 Rb8 8. axb5 axb5 9. d3 d6 10. h3 O-O 11. Be3 Bxe3 12. fxe3 Nh5 13. Qf2 Be6 14.
Nbd2 g6 15. g4 Ng7 16. Bxe6 Nxe6 17. O-O Nb4 18. Ne1 c5 19. c3 Nc6 20. h4 d5 21. exd5 Qxd5 22. Ne4 f5 23. gxf5 gxf5 24. Qg2+ Kh8 25. Ng5 Qxg2+ 26. Kxg2 Nxg5 27. hxg5 Rb6 28. Nf3 Kg7 29. Rh1 b4 30. Rh6 bxc3 31. bxc3 Rb2+ 32. Kh3 e4 33. Rxc6 exf3 34. Ra7+ Rf7 35. Rxf7+ Kxf7 36. Rf6+ Kg7 37. Rxf5 Kg6 38. Rxf3 Kxg5 39. Kg3 Rc2 40.
c4 Rd2 41. e4 Kg6 42. Rf5 Rxd3+ 43. Kf4 h5 44. Rxc5 h4 45. Rg5+ Kf6 46. e5+ Ke6 47. Rg6+ Ke7 48. Rh6 Rd4+ 49. Kf5 Rxc4 50. Rh7+ Kf8 51.
e6 Rc1 52. Rxh4 Rf1+ 53. Ke5 Re1+ 54. Re4 Rxe4+ 55. Kxe4 Ke8 56. Ke5 Ke7 57. Kf5 Ke8 58. Kf6 Kf8 59. e7+ Ke8 60. Ke6 1/2-1/2

[Event "*** SCC Grand Prix: Titled Tuesday Blitz"]
[Site "Chess.com"]
[Date "2020.06.23"]
[Round "6"]
[White "gumimis"]
[Black "CroissantNeuf"]
[Result "0-1"]
[WhiteElo "2153"]
[BlackElo "2384"]
[TimeControl "180+1"]
[EndTime "11:06:35 PDT"]
[Termination "CroissantNeuf won on time"]

1. e4 c6 2. d4 d5 3. Nc3 dxe4 4.
Nxe4 Nf6 5. Nxf6+ exf6 6. c3 Bd6 7. Bd3 O-O 8. Qc2 Re8+ 9. Ne2 h5 10. Be3 Nd7 11. O-O-O Nf8 12. Bf4 Rxe2 13. Qxe2 Bxf4+ 14. Kb1 Bg4 15. f3 Be6 16. g4 h4 17. Qe4 g5 18. c4 b5 19. cxb5 cxb5 20. Bxb5 Rb8 21. d5 Bd7 22. Bd3 Be5 23. b3 Qa5 24.
Bc4 Qc3 25. Qe2 Qa1+ 26. Kc2 Qxa2+ 27. Kd3 Rxb3+ 28. Ke4 Rb4 29. Qxa2 Bb5 30. Rc1 Nd7 31. Ke3 Bf4+ 32. Kf2 Ba4 33. Qa3 a5 34. Rb1 Rxc4 35.
Rb2 Ne5 36. Re2 Rd4 37. Rb1 Bd1 38. Qc5 Nd3+ 39. Kf1 Nxc5 0-1

[Event "*** SCC Grand Prix: Titled Tuesday Blitz"]
[Site "Chess.com"]
[Date "2020.06.23"]
[Round "6"]
[White "ENajer77"]
[Black "obliviate12"]
[Result "1-0"]
[WhiteElo "2693"]
[BlackElo "2831"]
[TimeControl "180+1"]
[EndTime "11:06:36 PDT"]
[Termination "ENajer77 won by resignation"]

1. d4 d5 2. c4 e6 3. Nc3 a6 4. Nf3 dxc4 5. e3 b5 6. a4 b4 7. Na2 c5 8. Bxc4 Bb7 9. O-O Nf6 10. Bd2 Nc6 11. Nc1 cxd4 12. Nb3 d3 13. Qb1 Be7 14.
Qxd3 Qxd3 15. Bxd3 O-O-O 16. Bc2 Kb8 17. Rfd1 Nd7 18.
Be1 Nb6 19. Bd3 a5 20. Bb5 Bf6 21.
Rxd8+ Rxd8 22. Bxc6 Bxc6 23. Nxa5 Be4 24. Nd4 Bxd4 25. exd4 Rxd4 26. f3 Bb7 27. Bf2 Nc4 28. Bxd4 Nxa5 29. Bxg7 b3 30. Bc3 Nc4 31. Kf2 Ka7 32. Rd1 Ka6 33. Rd4 Bd5 34. Rh4 f5 35. Rxh7 Kb6 36. h4 Kc5 37. h5 e5 38. h6 e4 39. Rc7+ Kd6 40. h7 Kxc7 41. h8=Q e3+ 42. Ke1 1-0

[Event "*** SCC Grand Prix: Titled Tuesday Blitz"]
[Site "Chess.com"]
[Date "2020.06.23"]
[Round "6"]
[White "Thej11"]
[Black "Azatic"]
[Result "1-0"]
[WhiteElo "2453"]
[BlackElo "2540"]
[TimeControl "180+1"]
[EndTime "11:06:37 PDT"]
[Termination "Thej11 won on time"]

1. d4 Nf6 2. c4 g6 3. Nc3 Bg7 4. e4 O-O 5. Be2 d6 6. Bg5 Na6 7. Qd2 e5 8. d5 Nc5 9. f3 a5 10. g4 c6 11. h4 Bd7 12. Nh3 Qb8 13. Nf2 cxd5 14. cxd5 b5 15. h5 b4 16. Ncd1 Bb5 17.
Ne3 Rc8 18. hxg6 fxg6 19. Kf1 Bxe2+ 20. Qxe2 Ra7 21. Kg2 Rf7 22. Rh3 Rcf8 23. Rah1 Qa7 24. Bh6 Bxh6 25. Rxh6 Nfxe4 26. Nxe4 Nxe4 27. fxe4 Qd4 28. Nd1 a4 29. R6h3 b3 30. axb3 axb3 31. Rxb3 Rf4 32. Re3 Qb4 33. Kg3 R8f7 34. Rh2 Qb6 35. Rf2 Qd8 36. Ref3 Qg5 37. Rxf4 exf4+ 38. Kf3 h5 39.
Rg2 hxg4+ 40. Rxg4 Qh5 41. Nf2 Rb7 42. Qc2 1-0

[Event "*** SCC Grand Prix: Titled Tuesday Blitz"]
[Site "Chess.com"]
[Date "2020.06.23"]
[Round "6"]
[White "Iskusnyh"]
[Black "chessmaugli"]
[Result "1-0"]
[WhiteElo "2453"]
[BlackElo "2311"]
[TimeControl "180+1"]
[EndTime "11:06:37 PDT"]
[Termination "Iskusnyh won on time"]

1. d4 Nf6 2. c4 Nc6 3. Nf3 e6 4.
g3 d6 5. Bg2 g6 6. O-O Bg7 7. Nc3 O-O 8. e4 e5 9. d5 Ne7 10. Ne1 a5 11. Nd3 Nd7 12. Be3 b6 13.
Qd2 Nc5 14. Nxc5 bxc5 15. f4 exf4 16. gxf4 f5 17. e5 Rb8 18. e6 Ba6 19. b3 a4 20.
Nxa4 c6 21. dxc6 Rc8 22. Rad1 Nxc6 23. Qxd6 Bd4 24. Rxd4 cxd4 25. Qxd8 Rfxd8 26. Bd2 Ne7 27. Nb6 Rc7 28. Nd5 Nxd5 29. Bxd5 Rxd5 30. cxd5 Bxf1 31. Kxf1 Kg7 32. Ke2 Kf6 33. Kd3 Rb7 34. Be1 Ke7 35. Kxd4 Kd6 36. Kc4 Rc7+ 37. Kd4 Rb7 38.
Bc3 Rb6 39. Kc4 Rb7 40. Be5+ Ke7 41. Bd4 Rc7+ 42. Bc5+ 1-0

[Event "*** SCC Grand Prix: Titled Tuesday Blitz"]
[Site "Chess.com"]
[Date "2020.06.23"]
[Round "6"]
[White "HunterBRR"]
[Black "MYMChessAcademy"]
[Result "1-0"]
[WhiteElo "2098"]
[BlackElo "2204"]
[TimeControl "180+1"]
[EndTime "11:06:37 PDT"]
[Termination "HunterBRR won on time"]

1. d4 Nf6 2. c4 g6 3. Nc3 Bg7 4. e4 d6 5. Be2 O-O 6. Nf3 e5 7. Be3 Nc6 8. d5 Ne7 9. Nd2 Nd7 10. b4 f5 11. f3 f4 12. Bf2 g5 13. c5 Rf7 14. Nc4 Nf8 15. cxd6 cxd6 16. Nb5 h5 17. Nbxd6 Rf6 18. Nxc8 Rxc8 19. Nxe5 Qc7 20. Bd4 Qd6 21.
Nc4 Qxb4+ 22. Kf2 Rxc4 23. Bxc4 Qxc4 24. Rc1 Qxa2+ 25. Rc2 Qa4 26. Bxf6 Bxf6 27. Re1 Bd4+ 28. Kf1 Qa6+ 29. Qe2 Qf6 30. e5 Qg6 31. Qe4 Qa6+ 32. Rce2 Be3 33. d6 Neg6 34. e6 Qa5 35. e7 Qb6 36.
e8=Q Qxd6 37. Qc4+ Kh8 38. Qee4 Qf6 39. Rc1 Bxc1 40. Qxc1 g4 41. Qcc2 gxf3 42. gxf3 1-0

[Event "*** SCC Grand Prix: Titled Tuesday Blitz"]
[Site "Chess.com"]
[Date "2020.06.23"]
[Round "6"]
[White "Lupul_Cenusiu"]
[Black "ZverevLev"]
[Result "1-0"]
[WhiteElo "2567"]
[BlackElo "2349"]
[TimeControl "180+1"]
[EndTime "11:06:38 PDT"]
[Termination "Lupul_Cenusiu won on time"]

1. d4 Nf6 2. c4 e6 3. Nc3 Bb4 4. e3 d5 5. Nf3 O-O 6. Be2 dxc4 7. Bxc4 a6 8. a4 b6 9. O-O Bb7 10. Qe2 Nbd7 11. Bd2 Bxc3 12. bxc3 Ne4 13. Rfd1 c5 14. Be1 Qc7 15. Rdb1 Rfc8 16. Bd3 Ndf6 17. h3 c4 18. Bc2 Qc6 19. Ne5 Nxc3 20. Qf1 Qxg2+ 21. Qxg2 Bxg2 22. Kxg2 Nxb1 23. Rxb1 b5 24. a5 Nd5 25. Nd7 Rc7 26. Nb6 Rb8 27. Be4 Nxb6 28. axb6 Rxb6 29. Ba5 Rcb7 30. Bxb7 Rxb7 31. Kf3 f6 32. e4 Kf7 33. Ke3 Ke7 34. d5 e5 35.
f4 Kd6 36. fxe5+ Kxe5 37. Bc3+ Kd6 38. Kd4 Ra7 39. Ra1 Kd7 40. Ba5 Rb7 41. Bb4 Ra7 42. e5 fxe5+ 43. Kxe5 Kc7 44. Bc5 Ra8 45. Rf1 Re8+ 46. Kd4 a5 47. Rf7+ Kb8 48. d6 Rd8 49. Kd5 c3 50. Bb6 c2 51. Rc7 1-0

[Event "*** SCC Grand Prix: Titled Tuesday Blitz"]
[Site "Chess.com"]
[Date "2020.06.23"]
[Round "6"]
[White "MaxVavulin"]
[Black "colegiodemadrid"]
[Result "0-1"]
[WhiteElo "2554"]
[BlackElo "2396"]
[TimeControl "180+1"]
[EndTime "11:06:39 PDT"]
[Termination "colegiodemadrid won on time"]

1. e4 e5 2. Nf3 Nc6 3. Bb5 g6 4. c3 d6 5. d4 Bd7 6. O-O Bg7 7. Re1 Nf6 8. Nbd2 O-O 9. Ba4 a6 10. Nf1 exd4 11. cxd4 Bg4 12. Bxc6 bxc6 13. h3 Be6 14. Qc2 Bd7 15. Bf4 Qb8 16. Rad1 Qb5 17. Ng3 Rab8 18.
Bc1 Rfe8 19. Re3 a5 20. Rde1 a4 21. Ra3 Ra8 22. Re2 Reb8 23. Rc3 h6 24. Be3 Kh7 25. Bf4 Ra6 26. Nd2 Nh5 27. Nxh5 Qxe2 28. Nxg7 Kxg7 29. Re3 Qb5 30. Nc4 Be6 31. d5 cxd5 32. Qc3+ Kh7 33. exd5 Bxd5 34. b3 axb3 35. axb3 Bxc4 36. bxc4 Qf5 37.
Qd4 g5 38. Bg3 Rb1+ 39. Kh2 Raa1 40. Bxd6 cxd6 41. Re4 Rh1+ 42. Kg3 Ra3+ 43. f3 Rf1 0-1

[Event "*** SCC Grand Prix: Titled Tuesday Blitz"]
[Site "Chess.com"]
[Date "2020.06.23"]
[Round "6"]
[White "hansen"]
[Black "MarcoRiehle"]
[Result "0-1"]
[WhiteElo "2971"]
[BlackElo "2712"]
[TimeControl "180+1"]
[EndTime "11:06:40 PDT"]
[Termination "MarcoRiehle won on time"]

1. e4 e5 2. Nf3 Nf6 3. Nxe5 Nxe4 4. Qe2 Qe7 5. Qxe4 d6 6. d4 dxe5 7. dxe5 Nc6 8. Nc3 Qxe5 9. Qxe5+ Nxe5 10. Nb5 Bb4+ 11. c3 Ba5 12. Bf4 f6 13. O-O-O O-O 14. f3 Be6 15. Kb1 Rad8 16. Be2 g5 17. Bg3 Bb6 18. h4 g4 19. Nd4 Bc8 20. h5 a6 21. Rhe1 c5 22. Nb3 Bf5+ 23. Kc1 Nd3+ 24. Bxd3 Bxd3 25. Bf2 Bc7 26. fxg4 b6 27. Be3 Rfe8 28.
Bh6 Rxe1 29. Rxe1 Kf7 30. Nd2 Rg8 31. Re3 c4 32. g5 fxg5 33. Rf3+ Ke6 34. Kd1 Bf4 35.
b3 b5 36. g3 Bd6 37. Re3+ Kd5 38. Nf3 Bxg3 39. Bxg5 Bc7 40. Be7 Rg2 41. bxc4+ bxc4 42. Nd2 Bf4 0-1

[Event "*** SCC Grand Prix: Titled Tuesday Blitz"]
[Site "Chess.com"]
[Date "2020.06.23"]
[Round "6"]
[White "temus_galaktionov"]
[Black "kirillshevchenko"]
[Result "0-1"]
[WhiteElo "2695"]
[BlackElo "2923"]
[TimeControl "180+1"]
[EndTime "11:06:40 PDT"]
[Termination "kirillshevchenko won by resignation"]

1. d4 Nf6 2. Nf3 g6 3. c4 Bg7 4. Nc3 O-O 5. e4 d6 6. Be2 e5 7. O-O h6 8. Be3 Ng4 9. Bc1 Nc6 10. dxe5 Ngxe5 11. Nxe5 dxe5 12. Be3 Nd4 13. c5 Be6 14. Qa4 Qe7 15. b4 a5 16. Rac1 axb4 17. Qxb4 b6 18. Rfe1 bxc5 19. Qb2 c6 20. Bf1 Rfb8 21. Qd2 Rd8 22. Qb2 Qa7 23. a4 Rab8 24. Qa3 Rb3 25.
Qa1 Rb4 26. Qa3 Rdb8 27. a5 Rb3 28. Qa1 Rb2 29. Na4 Nc2 30. Rxc2 Rxc2 31. Nxc5 Rxc5 32. a6 Qe7 33. Bxc5 Qxc5 34. Rb1 Ra8 35. Rb7 Bf8 36. h3 Qd4 37. Qb1 Bc5 38. Qc2 Kg7 39. Rc7 Qd6 40. Rb7 Bc8 41. Rb1 Bxa6 42. Ra1 Bb7 43. Rb1 Bc8 44. Rc1 Bd4 45. Bc4 Be6 46. Bxe6 Qxe6 0-1